[ AOE2 MATCH · #466988449 ]
UnrankedWu vs Berbers
[ REPLAY ANALYSIS · EXTRACTED FROM THE RECORDED GAME ]
Feudal
11:54
Castle
20:09
Imperial
—
| APM avg | 31.4 |
| APM peak | 56 |
| eAPM avg | 18.2 |
| Villagers / military | 76 / 4 |
Focus
⚔️ 32.9% · 🌾 67.1%
Unknown (1968) ×16 · Fishing Ship ×12 · Unknown (2626) ×10 · Galley ×3 · Fire Galley ×1
Feudal
12:58
Castle
17:53
Imperial
—
| APM avg | 31.2 |
| APM peak | 73 |
| eAPM avg | 14.4 |
| Villagers / military | 56 / 19 |
Focus
⚔️ 23.0% · 🌾 77.0%
Ratha (Ranged) ×14 · Fishing Ship ×6 · Mangonel ×2 · Armored Elephant ×2 · Scorpion ×1
Feudal
12:19
Castle
15:49
Imperial
—
| APM avg | 38.7 |
| APM peak | 88 |
| eAPM avg | 17.3 |
| Villagers / military | 76 / 25 |
Focus
⚔️ 24.7% · 🌾 75.3%
Camel Archer ×25 · Fishing Ship ×5 · Unknown (2626) ×2
Feudal
13:33
Castle
17:11
Imperial
—
| APM avg | 29.7 |
| APM peak | 49 |
| eAPM avg | 18.2 |
| Villagers / military | 105 / 19 |
Focus
⚔️ 27.7% · 🌾 72.3%
Camel Archer ×13 · Fishing Ship ×10 · Fire Galley ×6 · Unknown (2626) ×2
Feudal
13:28
Castle
16:25
Imperial
30:16
| APM avg | 40.7 |
| APM peak | 63 |
| eAPM avg | 16.9 |
| Villagers / military | 42 / 32 |
Focus
⚔️ 29.7% · 🌾 70.3%
Karambit Warrior ×28 · Fishing Ship ×7 · Monk ×2 · Mangonel ×1 · Battering Ram ×1
Feudal
12:21
Castle
24:06
Imperial
—
| APM avg | 30.6 |
| APM peak | 94 |
| eAPM avg | 14.8 |
| Villagers / military | 66 / 27 |
Focus
⚔️ 41.6% · 🌾 58.4%
Knight ×13 · Galley ×8 · Fire Galley ×6 · Fishing Ship ×5
Match map
Initial resources + every placement click. Lines = walls · curves = elevation contours. ◆ gold · ⬟ stone · ● berries · ✦ relic · ◌ wall gap
Your base· Open — 3t gap
zukarii-'s base· Open — 6t gap
Maestro Gim's's base· Open — 5t gap
Simonz's base· Open — 6t gap
Pinardouille la fripouille's base· Open — unwalled flank
MissBigoudixxx's base· Open — 3t gap
Smoothed initial terrain · ◌ = detected wall gap · hover for details
Inputs per minute
— Trashclaus - - zukarii-
Build order — Trashclaus
First 150 of 173 actions detected
| 0:03 | Build | Town Center |
| 0:59 | Build | Dock |
| 1:02 | Build | House |
| 1:04 | Build | Palisade Wall |
| 1:05 | Build | Palisade Wall |
| 1:08 | Build | Palisade Wall |
| 2:27 | Queue | Villager (Male) |
| 2:27 | Queue | Villager (Male) |
| 2:28 | Queue | Villager (Male) |
| 3:25 | Queue | Villager (Male) |
| 3:34 | Queue | Fishing Ship |
| 3:35 | Queue | Fishing Ship |
| 3:39 | Queue | Villager (Male) |
| 3:58 | Queue | Villager (Male) |
| 4:05 | Build | House |
| 4:11 | Build | House |
| 4:49 | Queue | Fishing Ship |
| 4:58 | Research | Loom |
| 5:09 | Queue | Villager (Male) |
| 5:28 | Queue | Fishing Ship |
| 5:44 | Queue | Villager (Male) |
| 6:12 | Queue | Villager (Male) |
| 6:17 | Build | House |
| 6:41 | Queue | Villager (Male) |
| 6:43 | Queue | Fishing Ship |
| 6:59 | Queue | Villager (Male) |
| 7:21 | Queue | Fishing Ship |
| 7:26 | Build | House |
| 7:33 | Queue | Villager (Male) |
| 7:53 | Queue | Villager (Male) |
| 8:01 | Queue | Villager (Male) |
| 8:12 | Queue | Fishing Ship |
| 8:44 | Queue | Villager (Male) |
| 8:53 | Build | Lumber Camp |
| 9:14 | Build | House |
| 9:16 | Queue | Villager (Male) |
| 9:44 | Research | Feudal Age |
| 10:17 | Build | Mining Camp |
| 11:16 | Build | Dock |
| 11:31 | Queue | Fishing Ship |
| 11:41 | Queue | Villager (Male) |
| 11:54 | Age | Feudal Age |
| 11:55 | Queue | Unit 2626 |
| 11:59 | Research | Double-Bit Axe |
| 12:15 | Queue | Villager (Male) |
| 12:19 | Build | House |
| 12:33 | Queue | Unit 2626 |
| 12:34 | Queue | Villager (Male) |
| 12:46 | Queue | Villager (Male) |
| 12:52 | Queue | Unit 2626 |
| 13:13 | Queue | Unit 2626 |
| 13:22 | Queue | Villager (Male) |
| 13:26 | Build | House |
| 13:33 | Build | Mill |
| 13:38 | Queue | Villager (Male) |
| 14:08 | Queue | Villager (Male) |
| 14:15 | Queue | Villager (Male) |
| 14:22 | Queue | Villager (Male) |
| 14:24 | Queue | Unit 2626 |
| 14:40 | Queue | Villager (Male) |
| 14:42 | Queue | Unit 2626 |
| 14:42 | Queue | Unit 2626 |
| 14:47 | Build | Market |
| 15:06 | Build | House |
| 15:10 | Research | Wheelbarrow |
| 15:28 | Build | Blacksmith |
| 15:35 | Research | Tech 906 |
| 15:51 | Queue | Villager (Male) |
| 16:10 | Build | House |
| 16:32 | Research | Forging |
| 16:39 | Queue | Villager (Male) |
| 16:50 | Queue | Villager (Male) |
| 16:53 | Queue | Unit 2626 |
| 16:54 | Queue | Unit 2626 |
| 17:29 | Research | Castle Age |
| 17:29 | Research | Castle Age |
| 17:58 | Queue | Fishing Ship |
| 17:59 | Queue | Fishing Ship |
| 17:59 | Queue | Fishing Ship |
| 18:05 | Queue | Villager (Male) |
| 18:07 | Queue | Villager (Male) |
| 18:33 | Queue | Villager (Male) |
| 18:35 | Research | Forging |
| 18:51 | Queue | Villager (Male) |
| 19:04 | Queue | Villager (Male) |
| 19:35 | Build | Dock |
| 19:45 | Queue | Villager (Male) |
| 19:47 | Queue | Unit 2626 |
| 20:09 | Age | Castle Age |
| 20:16 | Build | Castle |
| 20:24 | Build | Gate |
| 20:26 | Build | House |
| 20:27 | Build | Palisade Wall |
| 20:30 | Build | Gate |
| 20:34 | Build | Gate |
| 20:36 | Build | Palisade Gate |
| 20:39 | Queue | Villager (Male) |
| 20:50 | Build | House |
| 20:52 | Build | Palisade Wall |
| 20:57 | Research | Gillnets |
| 20:59 | Queue | Villager (Male) |
| 21:56 | Build | House |
| 21:58 | Build | Palisade Wall |
| 22:06 | Build | Palisade Wall |
| 22:07 | Queue | Villager (Male) |
| 22:08 | Build | Lumber Camp |
| 22:19 | Build | Town Center |
| 22:37 | Queue | Villager (Male) |
| 22:54 | Build | Palisade Gate |
| 22:57 | Build | Palisade Gate |
| 23:15 | Queue | Villager (Male) |
| 23:22 | Queue | Villager (Male) |
| 23:42 | Research | War Galley (upgrade) |
| 23:58 | Queue | Villager (Male) |
| 24:05 | Queue | Villager (Male) ×5 |
| 24:26 | Build | Town Center |
| 24:34 | Queue | Villager (Male) |
| 24:37 | Queue | Unit 1968 |
| 24:48 | Queue | Villager (Male) |
| 24:56 | Research | Town Watch |
| 25:06 | Queue | Villager (Male) |
| 25:09 | Queue | Unit 1968 |
| 25:09 | Queue | Unit 1968 |
| 25:09 | Queue | Unit 1968 |
| 25:26 | Build | Dock |
| 25:38 | Queue | Villager (Male) ×3 |
| 25:43 | Queue | Unit 1968 |
| 25:45 | Queue | Villager (Male) |
| 25:59 | Build | Barracks |
| 26:00 | Queue | Villager (Male) |
| 26:05 | Queue | Unit 1968 |
| 26:17 | Queue | Fire Galley |
| 26:20 | Queue | Galley |
| 26:20 | Queue | Galley |
| 26:24 | Queue | Villager (Male) ×2 |
| 26:47 | Queue | Unit 1968 |
| 26:48 | Queue | Villager (Male) |
| 27:00 | Queue | Villager (Male) ×2 |
| 27:04 | Build | Monastery |
| 27:17 | Queue | Villager (Male) ×2 |
| 27:24 | Queue | Unit 1968 |
| 27:29 | Queue | Villager (Male) |
| 27:35 | Build | Dock |
| 27:51 | Queue | Galley |
| 27:52 | Queue | Villager (Male) |
| 27:58 | Research | Gold Mining |
| 28:08 | Build | Farm |
| 28:12 | Build | Farm |
| 28:12 | Build | Farm |
| 28:14 | Research | Horse Collar |
Build order — zukarii-
144 actions detected in the replay
| 0:06 | Build | Town Center |
| 0:58 | Build | Dock |
| 1:01 | Build | House |
| 2:27 | Queue | Villager (Male) ×4 |
| 2:28 | Queue | Villager (Male) ×4 |
| 3:54 | Queue | Fishing Ship |
| 4:17 | Queue | Villager (Male) |
| 4:18 | Research | Loom |
| 4:45 | Queue | Villager (Male) |
| 5:11 | Queue | Fishing Ship |
| 5:18 | Build | House |
| 5:21 | Queue | Villager (Male) |
| 5:45 | Queue | Fishing Ship |
| 5:46 | Queue | Villager (Male) |
| 6:35 | Queue | Villager (Male) |
| 6:41 | Build | House |
| 6:44 | Queue | Fishing Ship |
| 6:53 | Queue | Villager (Male) |
| 6:53 | Queue | Villager (Male) |
| 7:27 | Queue | Fishing Ship |
| 7:35 | Build | House |
| 7:45 | Queue | Villager (Male) |
| 8:09 | Queue | Villager (Male) |
| 8:39 | Queue | Villager (Male) |
| 8:55 | Queue | Villager (Male) |
| 8:59 | Build | Lumber Camp |
| 9:03 | Queue | Fishing Ship |
| 9:13 | Build | House |
| 9:33 | Queue | Villager (Male) |
| 9:34 | Queue | Villager (Male) |
| 9:50 | Build | House |
| 9:53 | Build | House |
| 9:58 | Build | House |
| 9:59 | Queue | Villager (Male) |
| 10:46 | Research | Feudal Age |
| 10:50 | Build | Mining Camp |
| 11:22 | Build | Mill |
| 11:44 | Build | Mill |
| 12:16 | Build | Palisade Wall |
| 12:21 | Queue | Villager (Male) |
| 12:58 | Age | Feudal Age |
| 13:02 | Build | Blacksmith |
| 13:06 | Queue | Villager (Male) |
| 13:21 | Build | Palisade Wall |
| 13:45 | Build | Market |
| 13:48 | Queue | Villager (Male) |
| 13:49 | Research | Double-Bit Axe |
| 14:23 | Queue | Villager (Male) |
| 14:23 | Queue | Villager (Male) |
| 15:07 | Build | Mining Camp |
| 15:12 | Research | Castle Age |
| 15:20 | Build | Outpost |
| 15:57 | Build | Farm |
| 16:00 | Research | Horse Collar |
| 16:02 | Build | Farm |
| 16:38 | Build | Stone Wall |
| 17:09 | Build | Stone Wall |
| 17:21 | Research | Stone Mining |
| 17:23 | Queue | Villager (Male) |
| 17:23 | Queue | Villager (Male) |
| 17:29 | Build | Stone Wall |
| 17:42 | Build | Stone Wall |
| 17:53 | Age | Castle Age |
| 18:17 | Build | Castle |
| 18:24 | Build | House |
| 18:26 | Build | House |
| 18:32 | Queue | Villager (Male) |
| 18:32 | Queue | Villager (Male) |
| 18:39 | Build | House |
| 19:17 | Queue | Ratha (Ranged) |
| 19:22 | Queue | Villager (Male) |
| 19:22 | Queue | Villager (Male) |
| 19:22 | Queue | Villager (Male) |
| 19:29 | Queue | Ratha (Ranged) |
| 19:29 | Queue | Ratha (Ranged) |
| 19:43 | Queue | Villager (Male) |
| 19:43 | Queue | Villager (Male) |
| 19:43 | Queue | Villager (Male) |
| 19:58 | Queue | Ratha (Ranged) |
| 20:55 | Queue | Ratha (Ranged) |
| 21:02 | Build | Siege Workshop |
| 21:15 | Research | Forging |
| 21:43 | Queue | Ratha (Ranged) |
| 21:46 | Queue | Villager (Male) |
| 21:46 | Queue | Villager (Male) |
| 22:26 | Research | Fletching |
| 22:34 | Build | Farm |
| 22:34 | Build | Farm |
| 22:34 | Build | Farm |
| 22:35 | Build | Farm |
| 22:35 | Build | Farm |
| 22:48 | Queue | Scorpion |
| 22:56 | Queue | Villager (Male) |
| 22:56 | Queue | Villager (Male) |
| 23:01 | Queue | Ratha (Ranged) |
| 23:01 | Queue | Ratha (Ranged) |
| 23:16 | Queue | Ratha (Ranged) |
| 23:47 | Queue | Armored Elephant |
| 24:34 | Queue | Villager (Male) |
| 24:34 | Queue | Villager (Male) |
| 24:37 | Build | Farm |
| 24:37 | Build | Farm |
| 24:37 | Build | Farm |
| 24:38 | Build | Farm |
| 24:38 | Build | Farm |
| 24:38 | Build | Farm |
| 24:39 | Build | Farm |
| 24:39 | Build | Farm |
| 24:39 | Build | Farm |
| 24:44 | Queue | Mangonel |
| 24:48 | Queue | Armored Elephant |
| 24:52 | Queue | Villager (Male) |
| 24:53 | Queue | Villager (Male) |
| 25:37 | Queue | Ratha (Ranged) |
| 25:38 | Queue | Ratha (Ranged) |
| 25:50 | Build | Castle |
| 25:57 | Build | Siege Workshop |
| 26:01 | Queue | Ratha (Ranged) |
| 26:02 | Queue | Ratha (Ranged) |
| 26:03 | Queue | Villager (Male) |
| 26:03 | Queue | Villager (Male) |
| 26:12 | Research | Bow Saw |
| 26:24 | Queue | Mangonel |
| 26:35 | Queue | Ratha (Ranged) |
| 26:43 | Build | House |
| 26:55 | Research | Bodkin Arrow |
| 27:02 | Build | House |
| 27:03 | Build | House |
| 27:03 | Build | House |
| 27:03 | Build | House |
| 27:04 | Build | House |
| 27:40 | Build | Stone Wall |
| 27:48 | Build | Lumber Camp |
| 29:11 | Queue | Villager (Male) |
| 29:11 | Queue | Villager (Male) |
| 29:12 | Queue | Villager (Male) |
| 29:12 | Queue | Villager (Male) |
| 29:14 | Build | Gate |
| 29:29 | Queue | Villager (Male) |
| 29:30 | Queue | Villager (Male) |
| 29:30 | Queue | Villager (Male) |
| 29:30 | Queue | Villager (Male) |
| 29:31 | Queue | Villager (Male) |
| 30:11 | Build | Town Center |
Build order — Maestro Gim's
First 150 of 172 actions detected
| 0:07 | Build | Town Center |
| 0:47 | Build | Dock |
| 2:25 | Queue | Villager (Male) |
| 2:25 | Queue | Villager (Male) |
| 2:25 | Queue | Villager (Male) |
| 2:26 | Queue | Villager (Male) |
| 2:26 | Queue | Villager (Male) |
| 2:44 | Build | House |
| 3:45 | Queue | Fishing Ship |
| 3:45 | Queue | Fishing Ship |
| 3:55 | Queue | Villager (Male) |
| 4:17 | Build | House |
| 4:20 | Queue | Villager (Male) |
| 4:20 | Queue | Villager (Male) |
| 4:40 | Queue | Villager (Male) |
| 4:40 | Queue | Villager (Male) |
| 5:16 | Queue | Villager (Male) |
| 5:24 | Build | Palisade Wall |
| 5:32 | Queue | Fishing Ship |
| 5:38 | Queue | Villager (Male) |
| 5:51 | Queue | Villager (Male) |
| 6:00 | Build | House |
| 6:32 | Queue | Villager (Male) |
| 6:38 | Queue | Fishing Ship |
| 6:48 | Build | House |
| 6:51 | Queue | Villager (Male) |
| 7:08 | Build | House |
| 7:39 | Queue | Villager (Male) |
| 7:39 | Queue | Villager (Male) |
| 7:45 | Queue | Fishing Ship |
| 7:52 | Build | House |
| 8:07 | Queue | Villager (Male) |
| 8:14 | Build | Mill |
| 8:41 | Queue | Villager (Male) |
| 8:41 | Queue | Villager (Male) |
| 8:41 | Queue | Villager (Male) |
| 9:06 | Build | Mining Camp |
| 9:52 | Build | Mining Camp |
| 10:09 | Research | Feudal Age |
| 11:17 | Queue | Villager (Male) |
| 11:17 | Research | Loom |
| 12:19 | Age | Feudal Age |
| 12:21 | Build | Market |
| 12:22 | Build | Blacksmith |
| 13:08 | Research | Castle Age |
| 13:18 | Build | House |
| 13:19 | Build | House |
| 14:30 | Build | Lumber Camp |
| 14:49 | Queue | Unit 2626 |
| 14:50 | Research | Double-Bit Axe |
| 15:25 | Queue | Unit 2626 |
| 15:28 | Queue | Villager (Male) |
| 15:49 | Age | Castle Age |
| 15:51 | Queue | Villager (Male) |
| 16:00 | Research | Horse Collar |
| 16:11 | Queue | Villager (Male) |
| 16:37 | Queue | Villager (Male) |
| 16:59 | Queue | Villager (Male) |
| 17:06 | Build | Castle |
| 17:07 | Build | Mining Camp |
| 17:25 | Build | Farm |
| 17:27 | Build | Farm |
| 17:29 | Queue | Villager (Male) |
| 17:46 | Build | Farm |
| 17:58 | Queue | Villager (Male) |
| 18:06 | Queue | Villager (Male) |
| 18:27 | Queue | Villager (Male) |
| 18:34 | Build | Farm |
| 18:49 | Queue | Villager (Male) |
| 19:02 | Queue | Camel Archer |
| 19:02 | Queue | Camel Archer |
| 19:03 | Queue | Camel Archer |
| 19:07 | Build | Farm |
| 19:10 | Build | Farm |
| 19:19 | Queue | Villager (Male) |
| 19:28 | Research | Fletching |
| 19:36 | Build | Farm |
| 19:39 | Build | Farm |
| 19:42 | Queue | Villager (Male) |
| 19:52 | Queue | Camel Archer |
| 19:56 | Queue | Villager (Male) |
| 20:07 | Queue | Camel Archer |
| 20:30 | Build | Farm |
| 20:32 | Queue | Villager (Male) |
| 20:36 | Queue | Camel Archer |
| 20:52 | Research | Bodkin Arrow |
| 20:58 | Queue | Villager (Male) |
| 20:58 | Queue | Camel Archer |
| 20:59 | Queue | Camel Archer |
| 21:26 | Queue | Villager (Male) |
| 21:45 | Queue | Villager (Male) |
| 21:46 | Queue | Camel Archer |
| 21:46 | Queue | Camel Archer |
| 21:56 | Queue | Villager (Male) |
| 22:02 | Build | Town Center |
| 22:07 | Queue | Villager (Male) |
| 22:24 | Queue | Villager (Male) |
| 22:25 | Queue | Camel Archer |
| 22:40 | Queue | Villager (Male) |
| 22:42 | Build | Farm |
| 22:53 | Queue | Villager (Male) |
| 23:18 | Queue | Villager (Male) |
| 23:21 | Queue | Camel Archer |
| 23:21 | Queue | Camel Archer |
| 23:21 | Queue | Camel Archer |
| 23:29 | Queue | Villager (Male) |
| 23:29 | Queue | Villager (Male) |
| 23:30 | Queue | Villager (Male) |
| 23:46 | Build | Mining Camp |
| 23:52 | Research | Stone Mining |
| 23:58 | Queue | Villager (Male) |
| 23:59 | Queue | Camel Archer |
| 24:25 | Queue | Villager (Male) |
| 24:30 | Queue | Villager (Male) |
| 24:45 | Build | Farm |
| 24:45 | Build | Farm |
| 24:48 | Build | Farm |
| 25:00 | Queue | Villager (Male) |
| 25:10 | Build | Farm |
| 25:11 | Build | Farm |
| 25:14 | Queue | Villager (Male) |
| 25:15 | Queue | Villager (Male) |
| 25:15 | Queue | Villager (Male) |
| 25:21 | Build | Farm |
| 25:21 | Queue | Villager (Male) |
| 25:24 | Build | House |
| 25:25 | Build | House |
| 25:28 | Build | House |
| 25:33 | Queue | Villager (Male) |
| 25:37 | Queue | Camel Archer |
| 25:37 | Queue | Camel Archer |
| 25:37 | Queue | Camel Archer |
| 25:51 | Queue | Villager (Male) |
| 26:04 | Queue | Camel Archer |
| 26:05 | Queue | Camel Archer |
| 26:09 | Queue | Villager (Male) |
| 26:12 | Build | House |
| 26:27 | Queue | Villager (Male) |
| 26:35 | Queue | Villager (Male) |
| 26:36 | Queue | Camel Archer |
| 26:37 | Queue | Camel Archer |
| 26:37 | Queue | Camel Archer |
| 26:50 | Queue | Villager (Male) |
| 27:08 | Queue | Villager (Male) |
| 27:09 | Queue | Villager (Male) |
| 27:10 | Build | Lumber Camp |
| 27:12 | Build | Farm |
| 27:15 | Build | Farm |
| 27:16 | Queue | Villager (Male) |
| 27:19 | Queue | Villager (Male) |
Build order — Simonz
First 150 of 228 actions detected
| 0:06 | Build | House |
| 0:11 | Build | Town Center |
| 0:51 | Build | Dock |
| 2:29 | Queue | Villager (Male) |
| 2:29 | Queue | Villager (Male) |
| 2:30 | Queue | Villager (Male) |
| 2:30 | Queue | Villager (Male) |
| 3:25 | Queue | Fishing Ship |
| 4:03 | Queue | Villager (Male) |
| 4:12 | Build | House |
| 4:31 | Queue | Villager (Male) |
| 4:31 | Queue | Villager (Male) |
| 4:54 | Queue | Villager (Male) |
| 5:09 | Queue | Fishing Ship |
| 5:13 | Queue | Villager (Male) |
| 5:48 | Queue | Villager (Male) |
| 5:52 | Build | House |
| 5:59 | Queue | Fishing Ship |
| 6:03 | Queue | Villager (Male) |
| 6:39 | Queue | Villager (Male) |
| 6:41 | Queue | Fishing Ship |
| 6:59 | Queue | Villager (Male) |
| 7:09 | Build | House |
| 7:22 | Queue | Villager (Male) |
| 7:23 | Queue | Fishing Ship |
| 7:58 | Build | Mill |
| 8:02 | Queue | Villager (Male) |
| 8:02 | Queue | Villager (Male) |
| 8:09 | Queue | Fishing Ship |
| 8:14 | Build | House |
| 8:16 | Build | House |
| 8:25 | Build | Palisade Wall |
| 8:30 | Queue | Villager (Male) |
| 9:06 | Queue | Villager (Male) |
| 9:06 | Queue | Fishing Ship |
| 9:34 | Queue | Villager (Male) |
| 9:35 | Queue | Fishing Ship |
| 9:50 | Build | Dock |
| 10:05 | Queue | Villager (Male) |
| 10:06 | Build | House |
| 10:22 | Queue | Villager (Male) |
| 10:31 | Queue | Fishing Ship |
| 10:34 | Queue | Fishing Ship |
| 10:40 | Build | House |
| 10:56 | Queue | Villager (Male) |
| 11:00 | Build | Mining Camp |
| 11:23 | Research | Feudal Age |
| 11:23 | Research | Feudal Age |
| 11:33 | Build | House |
| 12:00 | Queue | Villager (Male) |
| 12:00 | Queue | Villager (Male) |
| 12:11 | Build | House |
| 13:23 | Queue | Villager (Male) |
| 13:32 | Research | Loom |
| 13:33 | Age | Feudal Age |
| 13:37 | Build | Market |
| 13:39 | Build | Blacksmith |
| 13:58 | Build | Lumber Camp |
| 14:25 | Queue | Fire Galley |
| 14:28 | Build | House |
| 14:31 | Research | Castle Age |
| 14:36 | Build | House |
| 14:59 | Queue | Fire Galley |
| 15:12 | Queue | Villager (Male) |
| 15:15 | Research | Double-Bit Axe |
| 15:25 | Queue | Fire Galley |
| 15:49 | Queue | Fire Galley |
| 15:57 | Queue | Fire Galley |
| 16:04 | Build | House |
| 16:27 | Research | Tech 906 |
| 16:30 | Build | House |
| 16:35 | Research | Gold Mining |
| 16:40 | Build | House |
| 16:47 | Build | House |
| 17:05 | Queue | Unit 2626 |
| 17:11 | Age | Castle Age |
| 17:32 | Research | War Galley (upgrade) |
| 17:39 | Queue | Villager (Male) |
| 17:39 | Queue | Villager (Male) |
| 17:43 | Research | Bow Saw |
| 17:53 | Queue | Fire Galley |
| 17:57 | Queue | Unit 2626 |
| 18:34 | Research | Town Watch |
| 18:36 | Research | Wheelbarrow |
| 18:36 | Queue | Villager (Male) |
| 18:36 | Queue | Villager (Male) |
| 19:39 | Build | Town Center |
| 19:42 | Queue | Villager (Male) |
| 20:01 | Build | Town Center |
| 20:12 | Queue | Villager (Male) |
| 20:34 | Research | Horse Collar |
| 20:35 | Queue | Villager (Male) |
| 20:35 | Queue | Villager (Male) |
| 20:38 | Research | Gillnets |
| 20:50 | Queue | Villager (Male) |
| 20:50 | Queue | Villager (Male) |
| 21:07 | Queue | Villager (Male) |
| 21:10 | Build | Farm |
| 21:11 | Build | Farm |
| 21:13 | Build | Farm |
| 21:15 | Build | Farm |
| 21:21 | Queue | Villager (Male) |
| 21:32 | Queue | Villager (Male) |
| 21:32 | Queue | Villager (Male) |
| 21:34 | Build | Farm |
| 21:35 | Build | Farm |
| 21:36 | Queue | Villager (Male) |
| 21:47 | Research | Fletching |
| 21:57 | Research | Stone Mining |
| 22:09 | Queue | Villager (Male) |
| 22:26 | Queue | Villager (Male) |
| 22:29 | Build | Dock |
| 22:40 | Queue | Villager (Male) |
| 22:40 | Queue | Villager (Male) |
| 22:52 | Queue | Villager (Male) |
| 23:02 | Queue | Villager (Male) |
| 23:11 | Queue | Villager (Male) |
| 23:20 | Queue | Villager (Male) |
| 23:20 | Queue | Villager (Male) |
| 23:21 | Queue | Villager (Male) |
| 23:27 | Build | Farm |
| 23:28 | Build | Farm |
| 23:30 | Build | Farm |
| 23:31 | Build | Farm |
| 23:32 | Build | Farm |
| 23:33 | Build | Farm |
| 23:35 | Queue | Villager (Male) |
| 23:43 | Queue | Villager (Male) |
| 24:02 | Build | Town Center |
| 24:03 | Queue | Villager (Male) |
| 24:03 | Queue | Villager (Male) |
| 24:10 | Queue | Villager (Male) |
| 24:19 | Queue | Villager (Male) |
| 24:27 | Queue | Villager (Male) |
| 24:36 | Queue | Villager (Male) |
| 24:41 | Queue | Villager (Male) |
| 24:41 | Queue | Villager (Male) |
| 24:44 | Build | House |
| 24:45 | Build | House |
| 24:46 | Build | House |
| 24:48 | Queue | Villager (Male) |
| 24:57 | Queue | Villager (Male) |
| 24:57 | Queue | Villager (Male) |
| 25:02 | Queue | Villager (Male) |
| 25:03 | Queue | Villager (Male) |
| 25:06 | Queue | Villager (Male) |
| 25:17 | Queue | Villager (Male) |
| 25:27 | Queue | Villager (Male) |
| 25:28 | Build | House |
| 25:29 | Build | House |
Build order — Pinardouille la fripouille
140 actions detected in the replay
| 0:18 | Build | Town Center |
| 0:31 | Build | Dock |
| 0:34 | Build | House |
| 2:34 | Queue | Villager (Male) |
| 2:34 | Queue | Villager (Male) |
| 2:34 | Queue | Villager (Male) |
| 2:48 | Queue | Villager (Male) |
| 3:48 | Queue | Villager (Male) |
| 4:16 | Queue | Villager (Male) |
| 4:39 | Queue | Villager (Male) |
| 4:46 | Build | House |
| 4:57 | Queue | Villager (Male) |
| 4:58 | Queue | Fishing Ship |
| 5:04 | Build | House |
| 5:33 | Queue | Villager (Male) |
| 5:49 | Queue | Fishing Ship |
| 6:05 | Queue | Villager (Male) |
| 6:12 | Queue | Villager (Male) |
| 6:45 | Queue | Villager (Male) |
| 6:53 | Queue | Fishing Ship |
| 6:58 | Build | House |
| 7:02 | Research | Loom |
| 7:24 | Queue | Villager (Male) |
| 8:00 | Queue | Villager (Male) |
| 8:01 | Queue | Fishing Ship |
| 8:12 | Queue | Villager (Male) |
| 8:19 | Queue | Villager (Male) |
| 8:22 | Build | House |
| 8:23 | Build | House |
| 8:50 | Queue | Villager (Male) |
| 9:09 | Queue | Villager (Male) |
| 9:23 | Queue | Fishing Ship |
| 9:43 | Queue | Fishing Ship |
| 9:52 | Build | Mill |
| 10:01 | Queue | Villager (Male) |
| 10:25 | Queue | Villager (Male) |
| 10:26 | Queue | Villager (Male) |
| 10:30 | Queue | Fishing Ship |
| 10:50 | Queue | Villager (Male) |
| 10:54 | Build | Mining Camp |
| 11:07 | Queue | Villager (Male) |
| 11:19 | Build | House |
| 11:35 | Build | Mining Camp |
| 11:38 | Research | Feudal Age |
| 12:15 | Build | Outpost |
| 12:27 | Build | House |
| 12:29 | Build | House |
| 12:32 | Queue | Villager (Male) |
| 13:28 | Age | Feudal Age |
| 13:29 | Research | Town Watch |
| 13:29 | Queue | Villager (Male) |
| 13:32 | Queue | Villager (Male) |
| 13:47 | Build | Market |
| 14:15 | Build | Blacksmith |
| 14:37 | Build | Outpost |
| 14:49 | Research | Castle Age |
| 15:16 | Build | Outpost |
| 15:27 | Build | Lumber Camp |
| 15:36 | Queue | Villager (Male) |
| 15:53 | Queue | Villager (Male) |
| 15:53 | Queue | Villager (Male) |
| 15:53 | Queue | Villager (Male) |
| 16:25 | Age | Castle Age |
| 16:33 | Build | Castle |
| 16:39 | Build | Castle |
| 16:43 | Build | House |
| 16:46 | Build | Palisade Gate |
| 16:56 | Queue | Villager (Male) |
| 16:58 | Research | Double-Bit Axe |
| 17:32 | Research | Bow Saw |
| 17:50 | Queue | Karambit Warrior |
| 17:50 | Queue | Karambit Warrior |
| 17:50 | Queue | Karambit Warrior |
| 17:50 | Queue | Karambit Warrior |
| 18:17 | Queue | Karambit Warrior |
| 18:19 | Queue | Villager (Male) |
| 18:20 | Queue | Karambit Warrior |
| 18:33 | Build | Siege Workshop |
| 18:47 | Queue | Karambit Warrior |
| 18:47 | Queue | Karambit Warrior |
| 18:55 | Queue | Villager (Male) |
| 19:09 | Research | Horse Collar |
| 19:12 | Build | Farm |
| 19:16 | Build | Farm |
| 19:29 | Queue | Villager (Male) |
| 19:30 | Queue | Karambit Warrior |
| 19:30 | Queue | Karambit Warrior |
| 19:31 | Queue | Villager (Male) |
| 19:33 | Build | Farm |
| 19:35 | Build | Farm |
| 20:00 | Build | Gate |
| 20:04 | Build | Gate |
| 20:06 | Build | House |
| 20:10 | Queue | Villager (Male) |
| 20:19 | Queue | Karambit Warrior |
| 20:20 | Queue | Karambit Warrior |
| 20:21 | Queue | Mangonel |
| 20:53 | Queue | Karambit Warrior |
| 20:54 | Queue | Karambit Warrior |
| 21:27 | Queue | Villager (Male) |
| 21:35 | Build | Town Center |
| 22:00 | Build | Mining Camp |
| 22:24 | Queue | Karambit Warrior |
| 22:30 | Build | Farm |
| 22:42 | Queue | Karambit Warrior |
| 22:52 | Queue | Karambit Warrior |
| 22:55 | Build | House |
| 23:00 | Build | Farm |
| 23:01 | Build | Farm |
| 23:02 | Build | Farm |
| 23:17 | Queue | Karambit Warrior |
| 23:20 | Build | Farm |
| 23:40 | Queue | Villager (Male) |
| 23:46 | Queue | Battering Ram |
| 24:06 | Queue | Karambit Warrior |
| 24:09 | Build | Farm |
| 24:21 | Queue | Villager (Male) |
| 24:36 | Queue | Villager (Male) |
| 24:40 | Build | Monastery |
| 24:47 | Queue | Karambit Warrior |
| 25:07 | Queue | Karambit Warrior |
| 25:07 | Queue | Karambit Warrior |
| 25:30 | Build | Farm |
| 25:31 | Build | Farm |
| 25:31 | Build | Farm |
| 25:42 | Queue | Karambit Warrior |
| 25:42 | Queue | Karambit Warrior |
| 25:49 | Queue | Villager (Male) |
| 25:53 | Queue | Monk |
| 25:57 | Build | Farm |
| 25:58 | Build | Farm |
| 26:05 | Build | House |
| 26:18 | Queue | Villager (Male) |
| 26:18 | Queue | Monk |
| 26:29 | Queue | Karambit Warrior |
| 26:29 | Queue | Karambit Warrior |
| 28:22 | Research | Imperial Age |
| 29:11 | Queue | Karambit Warrior |
| 29:11 | Queue | Karambit Warrior |
| 30:16 | Age | Imperial Age |
Build order — MissBigoudixxx
First 150 of 186 actions detected
| 0:26 | Build | Town Center |
| 0:39 | Build | Dock |
| 0:42 | Build | House |
| 2:50 | Queue | Villager (Male) |
| 2:51 | Research | Loom |
| 2:53 | Queue | Fishing Ship |
| 2:54 | Queue | Villager (Male) |
| 2:54 | Queue | Villager (Male) |
| 3:24 | Queue | Villager (Male) |
| 3:49 | Queue | Villager (Male) |
| 3:51 | Queue | Villager (Male) |
| 4:57 | Build | House |
| 5:12 | Queue | Villager (Male) |
| 5:16 | Queue | Fishing Ship |
| 5:59 | Queue | Villager (Male) |
| 6:02 | Build | House |
| 6:06 | Queue | Fishing Ship |
| 6:32 | Queue | Villager (Male) |
| 7:00 | Queue | Villager (Male) |
| 7:03 | Queue | Fishing Ship |
| 7:18 | Queue | Villager (Male) |
| 7:27 | Build | House |
| 7:43 | Queue | Villager (Male) |
| 7:43 | Queue | Villager (Male) |
| 7:45 | Queue | Fishing Ship |
| 8:15 | Queue | Villager (Male) |
| 8:29 | Build | Lumber Camp |
| 8:38 | Queue | Villager (Male) |
| 8:55 | Queue | Villager (Male) |
| 9:01 | Build | House |
| 10:17 | Research | Feudal Age |
| 10:31 | Build | Mining Camp |
| 10:40 | Build | Mining Camp |
| 10:50 | Build | Palisade Wall |
| 10:52 | Build | Palisade Wall |
| 10:55 | Build | Palisade Wall |
| 10:56 | Build | Palisade Wall |
| 10:57 | Build | Palisade Wall |
| 11:34 | Build | Dock |
| 11:39 | Build | House |
| 12:15 | Build | Palisade Wall |
| 12:21 | Age | Feudal Age |
| 12:24 | Queue | Villager (Male) |
| 12:29 | Queue | Galley |
| 12:29 | Queue | Galley |
| 12:39 | Build | Blacksmith |
| 12:48 | Queue | Villager (Male) |
| 12:48 | Queue | Villager (Male) |
| 12:49 | Queue | Villager (Male) |
| 12:49 | Queue | Villager (Male) |
| 12:52 | Research | Double-Bit Axe |
| 13:18 | Queue | Villager (Male) |
| 13:20 | Queue | Galley |
| 13:20 | Queue | Galley |
| 13:37 | Research | Fletching |
| 13:46 | Queue | Galley |
| 14:57 | Queue | Galley |
| 14:57 | Queue | Galley |
| 14:57 | Queue | Galley |
| 14:59 | Queue | Villager (Male) |
| 14:59 | Queue | Villager (Male) |
| 14:59 | Queue | Villager (Male) |
| 15:22 | Build | House |
| 15:23 | Build | House |
| 16:08 | Queue | Fire Galley |
| 16:08 | Queue | Fire Galley |
| 16:08 | Queue | Fire Galley |
| 16:23 | Queue | Villager (Male) |
| 16:58 | Queue | Villager (Male) |
| 17:00 | Queue | Fire Galley |
| 17:13 | Queue | Fire Galley |
| 17:13 | Queue | Fire Galley |
| 17:26 | Build | Dock |
| 17:41 | Queue | Villager (Male) |
| 17:55 | Build | Mill |
| 18:03 | Queue | Villager (Male) |
| 18:19 | Queue | Villager (Male) |
| 18:31 | Queue | Villager (Male) |
| 18:37 | Build | House |
| 18:38 | Build | House |
| 18:43 | Research | Horse Collar |
| 18:45 | Build | Farm |
| 18:46 | Build | Farm |
| 18:46 | Build | Farm |
| 18:46 | Build | Farm |
| 18:46 | Build | Farm |
| 18:47 | Build | Farm |
| 18:47 | Build | Farm |
| 18:52 | Build | Market |
| 19:16 | Queue | Villager (Male) |
| 19:35 | Build | Farm |
| 19:35 | Build | Farm |
| 19:35 | Build | Farm |
| 19:36 | Build | Farm |
| 19:42 | Queue | Villager (Male) |
| 19:47 | Build | Barracks |
| 20:07 | Queue | Villager (Male) |
| 20:08 | Queue | Villager (Male) |
| 20:18 | Build | Farm |
| 20:21 | Build | Farm |
| 20:33 | Build | Stable |
| 20:55 | Queue | Villager (Male) |
| 20:57 | Queue | Villager (Male) |
| 21:13 | Build | Farm |
| 21:17 | Build | Farm |
| 21:26 | Build | House |
| 21:37 | Research | Castle Age |
| 22:11 | Research | Bloodlines |
| 22:47 | Research | Scale Barding Armor |
| 22:56 | Build | Farm |
| 23:00 | Build | Farm |
| 23:04 | Build | Farm |
| 23:15 | Research | Forging |
| 24:06 | Age | Castle Age |
| 24:09 | Queue | Villager (Male) |
| 24:14 | Build | Town Center |
| 24:18 | Queue | Knight |
| 24:20 | Queue | Knight |
| 24:21 | Queue | Villager (Male) |
| 24:35 | Build | Town Center |
| 24:39 | Queue | Villager (Male) |
| 24:40 | Queue | Villager (Male) |
| 25:12 | Queue | Villager (Male) |
| 25:15 | Queue | Knight |
| 25:21 | Research | Bow Saw |
| 25:24 | Queue | Villager (Male) |
| 25:26 | Queue | Knight |
| 25:54 | Research | Husbandry |
| 26:04 | Queue | Villager (Male) |
| 26:21 | Build | Stable |
| 26:24 | Queue | Villager (Male) |
| 26:26 | Queue | Knight |
| 26:27 | Queue | Villager (Male) |
| 26:31 | Queue | Villager (Male) |
| 26:48 | Queue | Villager (Male) |
| 26:56 | Build | House |
| 26:58 | Build | House |
| 26:58 | Build | House |
| 26:59 | Build | House |
| 27:00 | Queue | Villager (Male) |
| 27:10 | Build | Farm |
| 27:10 | Build | Farm |
| 27:11 | Build | Farm |
| 27:11 | Build | Farm |
| 27:11 | Build | Farm |
| 27:11 | Build | Farm |
| 27:12 | Build | Farm |
| 27:15 | Queue | Villager (Male) |
| 27:15 | Queue | Villager (Male) |
| 27:17 | Queue | Knight |
Match timeline
| 0:31 | Pinardouille la fripouille · first_building Dock |
| 0:39 | MissBigoudixxx · first_building Dock |
| 0:47 | Maestro Gim's · first_building Dock |
| 0:51 | Simonz · first_building Dock |
| 0:58 | zukarii- · first_building Dock |
| 0:59 | Trashclaus · first_building Dock |
| 1:04 | Trashclaus · wall_segment Palisade Wall x1 |
| 1:05 | Trashclaus · wall_segment Palisade Wall x1 |
| 1:08 | Trashclaus · wall_segment Palisade Wall x1 |
| 5:24 | Maestro Gim's · wall_segment Palisade Wall x1 |
| 8:25 | Simonz · wall_segment Palisade Wall x1 |
| 10:50 | MissBigoudixxx · wall_segment Palisade Wall x1 |
| 10:52 | MissBigoudixxx · wall_segment Palisade Wall x1 |
| 10:55 | MissBigoudixxx · wall_segment Palisade Wall x1 |
| 10:56 | MissBigoudixxx · wall_segment Palisade Wall x1 |
| 10:57 | MissBigoudixxx · wall_segment Palisade Wall x1 |
| 11:54 | Trashclaus · age_up feudal |
| 12:15 | MissBigoudixxx · wall_segment Palisade Wall x1 |
| 12:16 | zukarii- · wall_segment Palisade Wall x3 |
| 12:19 | Maestro Gim's · age_up feudal |
| 12:21 | MissBigoudixxx · age_up feudal |
| 12:58 | zukarii- · age_up feudal |
| 13:21 | zukarii- · wall_segment Palisade Wall x6 |
| 13:28 | Pinardouille la fripouille · age_up feudal |
| 13:33 | Simonz · age_up feudal |
| 15:49 | Maestro Gim's · age_up castle |
| 16:21 | zukarii- · first_market_sell 100 food |
| 16:22 | Pinardouille la fripouille · first_market_buy 100 stone |
| 16:23 | zukarii- · first_market_buy 100 stone |
| 16:25 | Pinardouille la fripouille · age_up castle |
| 16:33 | Pinardouille la fripouille · first_building Castle |
| 16:38 | zukarii- · wall_segment Stone Wall x6 |
| 17:06 | Maestro Gim's · first_building Castle |
| 17:09 | zukarii- · wall_segment Stone Wall x1 |
| 17:11 | Simonz · age_up castle |
| 17:16 | Trashclaus · first_market_buy 100 food |
| 17:27 | Trashclaus · first_market_sell 100 wood |
| 17:29 | zukarii- · wall_segment Stone Wall x3 |
| 17:42 | zukarii- · wall_segment Stone Wall x5 |
| 17:53 | zukarii- · age_up castle |
| 18:17 | zukarii- · first_building Castle |
| 18:33 | Pinardouille la fripouille · first_building Siege Workshop |
| 19:47 | MissBigoudixxx · first_building Barracks |
| 20:09 | Trashclaus · age_up castle |
| 20:16 | Trashclaus · first_building Castle |
| 20:27 | Trashclaus · wall_segment Palisade Wall x1 |
| 20:33 | MissBigoudixxx · first_building Stable |
| 20:52 | Trashclaus · wall_segment Palisade Wall x1 |
| 21:02 | zukarii- · first_building Siege Workshop |
| 21:58 | Trashclaus · wall_segment Palisade Wall x4 |
| 22:06 | Trashclaus · wall_segment Palisade Wall x4 |
| 24:06 | MissBigoudixxx · age_up castle |
| 24:40 | Pinardouille la fripouille · first_building Monastery |
| 25:59 | Trashclaus · first_building Barracks |
| 25:59 | Simonz · first_building Castle |
| 26:55 | Pinardouille la fripouille · first_market_sell 500 stone |
| 27:04 | Trashclaus · first_building Monastery |
| 27:40 | zukarii- · wall_segment Stone Wall x14 |
| 28:43 | Simonz · first_building Barracks |
| 29:26 | Maestro Gim's · first_market_sell 100 wood |
| 29:27 | Maestro Gim's · first_market_buy 100 food |
| 30:16 | Simonz · first_building Stable |
| 30:16 | Pinardouille la fripouille · age_up imperial |
| 30:19 | Maestro Gim's · resign |
| 30:28 | Simonz · first_building Archery Range |
[ AI ANALYSIS · 1 CREDIT ]
What really happened in this match?
Wolo.gg analyzes every decision: build order, eco, micro, common mistakes by bracket. Personalized analysis on WhatsApp or Discord in 30 seconds.
Civ guide
Wu
Perfil
Jugador #2065415